 Dungeon Crawl Stone Soup version 0.31.0-32-g396128a36d (webtiles) character file.

Game seed: 10864081631467343211

7856 destino the Covert (level 11, -1/60 (71) HPs)
             Began as an Octopode Alchemist on Mar 16, 2024.
             Was a Believer of Wu Jian.
             Slain by a spectral harpy (2 damage)
             ... called from beyond by a revenant
             ... on level 1 of the Abyss on Mar 17, 2024.
             The game lasted 00:51:18 (12098 turns).

destino the Covert (Octopode Alchemist)            Turns: 12098, Time: 00:51:18

HP:   -1/60 (71)    AC:  1    Str:  8    XL:     11   Next: 21%
MP:   17/17         EV: 14    Int: 22    God:    Wu Jian [**....]
Gold: 40            SH:  0    Dex: 12    Spells: 1/18 levels left

rFire   . . .        a - +3 dagger (elec)
rCold   . . .        (no shield)
rNeg    . . .        (helmet restricted)
rPois   +            (no amulet)
rElec   .            u - ring of poison resistance
rCorr   .            (no ring)
SInv    .            (no ring)
Will    .....        (no ring)
Stlth   +++++        (no ring)
HPRegen 0.30/turn    (no ring)
MPRegen 0.15/turn    (no ring)
                     (no ring)

%: no passive effects
@: about to teleport, weak-willed, heavily drained
A: almost no armour, amphibious, 8 rings, camouflage 1, gelatinous body 1,
(nimble swimmer 1), tentacles
a: Renounce Religion, Wall Jump


You were on level 1 of the Abyss.
You worshipped Wu Jian.
Wu Jian was pleased with you.
You visited 2 branches of the dungeon, and saw 11 of its levels.
You visited the Abyss 1 time.

You collected 596 gold pieces.
You spent 556 gold pieces at shops.

Inventory:

Hand Weapons
 a - a +3 dagger of electrocution (weapon)
 k - a +3 dagger
 p - a +1 dagger of speed
 C - a +1 dagger of venom
Missiles
 d - 36 poisoned darts (quivered)
 I - a throwing net
Jewellery
 u - a ring of poison resistance (left tentacle)
 E - a ring of ice
Talismans
 v - a storm talisman
Wands
 l - a wand of flame (23)
 w - a wand of charming (18)
 x - a wand of mindburst (12)
 B - a wand of polymorph (16)
Scrolls
 c - a scroll of torment
 e - a scroll of fear {unknown}
 g - a scroll of vulnerability
 h - a scroll of immolation
 i - 4 scrolls of teleportation
 m - a scroll of blinking
 o - a scroll of fog
 s - 2 scrolls of enchant armour {unknown}
 t - 2 scrolls of noise {unknown}
 y - a scroll of revelation {unknown}
 A - 2 scrolls of amnesia {unknown}
 G - 2 scrolls of brand weapon {unknown}
 H - a scroll of silence {unknown}
 J - a scroll of acquirement {unknown}
Potions
 b - a potion of heal wounds
 f - 4 potions of haste {unknown}
 j - 4 potions of curing
 n - 3 potions of berserk rage
 q - 2 potions of magic
 r - 2 potions of brilliance
 z - a potion of ambrosia
 D - a potion of resistance
 F - 2 potions of mutation {unknown}
 L - a potion of might
 M - a potion of lignification
 N - 2 potions of attraction


   Skills:
 - Level 5.0 Fighting
 + Level 6.3 Short Blades
 - Level 5.0 Dodging
 + Level 9.9 Stealth
 - Level 4.0 Spellcasting
 - Level 4.0 Conjurations
 * Level 1.3 Hexes
 - Level 6.0 Fire Magic
 - Level 4.0 Air Magic
 - Level 8.0 Alchemy
 + Level 5.1 Evocations


You had one spell level left.
You knew the following spells:

 Your Spells              Type           Power      Damage    Failure   Level
a - Sting                 Conj/Alch      100%       1d9       1%          1
b - Mercury Vapours       Alch/Air       60%        N/A       1%          2
c - Confusing Touch       Hex            10%        N/A       21%         3
f - Sticky Flame          Fire/Alch      35%        2d7       6%          4
m - Mephitic Cloud        Conj/Alch/Air  27%        N/A       3%          3
t - Olgreb's Toxic Radia  Alch           39%        N/A       4%          4

Your spell library contained the following spells:

 Spells                   Type           Power      Damage    Failure   Level
 Slow                     Hex            40%        N/A       7%          1
 Sigil of Binding         Hex            10%        N/A       21%         3
 Fugue of the Fallen      Necr           4%         N/A       32%         3
 Ozocubu's Armour         Ice            4%         N/A       32%         3
 Vampiric Draining        Necr           4%         2d6       32%         3
 Manifold Assault         Tloc           4%         N/A       73%         4
 Metabolic Englaciation   Hex/Ice        3%         N/A       94%         5
 Sculpt Simulacrum        Ice/Alch       11%        N/A       97%         6


Dungeon Overview and Level Annotations

Branches:
Dungeon (10/15)            Temple (1/1) D:6            Lair (0/5) D:9
    Orc: D:9-12

Altars:
Ashenzari
Cheibriados
Dithmenos
Elyvilon
Fedhas
Gozag
Hepliaklqana
Makhleb
Nemelex Xobeh
Okawaru
Qazlal
Ru
Sif Muna
Trog
Uskayaw
Vehumet
Wu Jian
Xom
Yredelemnul
Zin
The Shining One

Shops:
D:7 [*!   D:9 ?

Annotations:
D:3 1 runed translucent door, Crazy Yiuf
D:6 3 runed translucent doors, Sphyrna's ghost, novice MiBe
D:9 4 transporters
D:10 Erolcha


Innate Abilities, Weirdness & Mutations

You cannot wear most types of armour.
You are amphibious.
You can wear up to eight rings at the same time.
Your skin changes colour to match your surroundings (Stealth+).
Your rubbery body absorbs attacks. (AC +1, EV +1)
((You are camouflaged when in or above water. (Stealth+)))
You have tentacles for arms and can constrict up to eight enemies at once.


Message History

* * * LOW HITPOINT WARNING * * *
The spectral harpy barely misses you.
The spectral harpy closely misses you. x2
The spectral harpy misses you. The spectral harpy claws you.
* * * LOW HITPOINT WARNING * * *
You feel drained.
You feel much better.
The spectral harpy barely misses you. x2
The spectral harpy claws you!
You feel drained. The spectral harpy claws you.
* * * LOW HITPOINT WARNING * * *
Okay, then.
Okay, then.
You feel much better. The spectral harpy closely misses you.
The spectral harpy barely misses you. The spectral harpy closely misses you.
The spectral harpy claws you. x2; You feel drained.
The spectral harpy barely misses you.
As you read the scroll labelled TAESAU CUOPH, it crumbles to dust.
A wave of despondency washes over your surroundings.
It was a scroll of vulnerability.
The spectral spriggan defender fades away!
The spectral harpy claws you but does no damage.
The spectral harpy misses you. The spectral harpy closely misses you.
The spectral harpy claws you.
Blink to where?
Press: ? - help, Dir - move target
As you read the scroll labelled DADYCA HESMOO, it crumbles to dust.
It was a scroll of blinking.
The spectral harpy closely misses you. The spectral harpy claws you!
* * * LOW HITPOINT WARNING * * *
You feel drained.
As you read the scroll labelled ZUXUN WIMPU, it dissolves into smoke.
It was a scroll of fog.
The spectral harpy claws you.
* * * LOW HITPOINT WARNING * * *
You feel drained.
* * * LOW HITPOINT WARNING * * *
The spectral harpy claws you!
* * * LOW HITPOINT WARNING * * *
You feel drained.
* * * LOW HITPOINT WARNING * * *
The spectral harpy completely misses you.
The spectral harpy claws you.
You die...

.# ...
...# #....
#.....
###§.#...
#§§§.....
##@§§#
##§Z§## ##
##§§§##
#.##....#
#...#..##
##...._##
#.......#
#...#...##
#.......Z#


You could see a spectral harpy (summoned).

Vanquished Creatures
  Pikel (D:6)
  Joseph (D:7)
  Maggie (D:6)
  2 komodo dragons (D:9)
  Sigmund (D:6)
  A vampire (D:8)
  6 yaks
  A steam dragon (D:8)
  Menkaure (D:6)
  A water moccasin (D:7)
  An ice beast (D:7)
  An orc warrior (D:9)
  4 black bears
  2 ogres
  2 sky beasts
  3 centaurs
  2 phantoms (D:7)
  4 kobold brigands
  8 bullfrogs
  3 scorpions
  18 wights
  8 killer bees (D:9)
  8 howler monkeys
  3 jellies
  2 hounds
  2 orc priests
  A gnoll bouda (D:6)
  Ijyb (D:4)
  Jessica (D:3)
  A sleepcap (D:6)
  4 iguanas
  5 orc wizards
  Robin (D:4)
  16 gnolls
  6 adders
  3 shadow imps
  A white imp (D:7)
  A dart slug (D:5)
  A ribbon worm (D:4)
  14 orcs
  7 ball pythons
  7 bats
  6 endoplasms
  21 goblins
  14 hobgoblins
  4 jackals (D:4)
  A quokka (D:2)
  2 frilled lizards (D:1)
  35 kobolds
  5 rats
245 creatures vanquished.

Vanquished Creatures (others)
  A killer bee (D:9)
  2 starspawn tentacles (Abyss:1)
3 creatures vanquished.

Grand Total: 248 creatures vanquished

Notes
Turn   | Place    | Note
-------+----------+-------------------------------------------
     0 | D:1      | destino the Octopode Alchemist began the quest for the Orb.
     0 | D:1      | Reached XP level 1. HP: 11/11 MP: 3/3
   249 | D:1      | Reached XP level 2. HP: 17/17 MP: 1/5
   252 | D:1      | Learned a level 2 spell: Mercury Vapours
   510 | D:1      | Reached skill level 3 in Stealth
   569 | D:1      | Reached skill level 1 in Air Magic
  1054 | D:2      | Reached XP level 3. HP: 17/21 MP: 1/6
  1197 | D:2      | Learned a level 3 spell: Mephitic Cloud
  1718 | D:3      | Reached XP level 4. HP: 17/27 MP: 2/7
  1753 | D:3      | Noticed Jessica
  1755 | D:3      | Killed Jessica
  1756 | D:3      | Reached XP level 5. HP: 30/31 MP: 1/8
  1930 | D:3      | Found a runed translucent door.
  1931 | D:3      | Noticed Crazy Yiuf
  2123 | D:3      | Reached skill level 4 in Stealth
  2268 | D:3      | Found a basalt altar of Yredelemnul.
  2333 | D:3      | Found a faded altar of an unknown god.
  2411 | D:3      | Found a shimmering altar of Xom.
  2468 | D:3      | Found an ornate altar of the Wu Jian Council.
  3372 | D:4      | Noticed Robin
  3386 | D:4      | Killed Robin
  3536 | D:4      | Reached XP level 6. HP: 31/36 MP: 6/9
  3819 | D:4      | Reached skill level 1 in Short Blades
  4146 | D:4      | Found a shadowy altar of Dithmenos.
  4224 | D:4      | Noticed Ijyb
  4246 | D:4      | Reached XP level 7. HP: 42/42 MP: 6/10
  4446 | D:4      | Killed Ijyb
  4511 | D:4      | Reached skill level 1 in Fighting
  4796 | D:4      | Reached skill level 5 in Stealth
  4804 | D:4      | Learned a level 4 spell: Olgreb's Toxic Radiance
  5594 | D:5      | Entered Level 5 of the Dungeon
  5606 | D:5      | Reached XP level 8. HP: 49/50 MP: 9/12
  5864 | D:5      | Found an iron altar of Okawaru.
  5881 | D:5      | Found a sacrificial altar of Ru.
  6449 | D:3      | Noticed a spectral centipede
  6449 | D:3      | Noticed a spectral black mamba
  6450 | D:3      | Became a worshipper of the Wu Jian Council
  6632 | D:6      | Noticed Sigmund
  6645 | D:6      | Killed Sigmund
  6646 | D:6      | Reached skill level 6 in Stealth
  6646 | D:6      | Reached skill level 5 in Alchemy
  6708 | D:6      | Noticed Maggie
  6857 | D:6      | Found a radiant altar of Vehumet.
  7028 | D:6      | Noticed Menkaure
  7125 | D:6      | Killed Menkaure
  7126 | D:6      | Reached XP level 9. HP: 56/57 MP: 9/14
  7153 | D:6      | Noticed Pikel
  7163 | D:6      | Killed Pikel
  7164 | D:6      | Reached skill level 7 in Stealth
  7164 | D:6      | Reached skill level 1 in Evocations
  7180 | D:6      | Killed Maggie
  7464 | D:6      | Found a staircase to the Ecumenical Temple.
  7494 | Temple   | Entered the Ecumenical Temple
  7750 | D:6      | Found a runed translucent gate.
  7751 | D:6      | Found a runed translucent gate.
  7752 | D:6      | Found a runed translucent gate.
  7753 | D:6      | Noticed Sphyrna's ghost (novice MiBe)
  7953 | D:7      | Learned a level 4 spell: Sticky Flame
  8146 | D:7      | Found Kaoganu's Assorted Antiques.
  8149 | D:7      | Bought a sedimented white potion for 20 gold pieces
  8149 | D:7      | Bought a potion of heal wounds for 115 gold pieces
  8149 | D:7      | Bought a scroll labelled JOLELIM NAIS for 23 gold pieces
  8149 | D:7      | Bought a scroll of identify for 46 gold pieces
  8226 | D:7      | Found a white marble altar of Elyvilon.
  8386 | D:7      | Reached skill level 1 in Fire Magic
  8435 | D:7      | Reached XP level 10. HP: 44/65 MP: 12/16
  8441 | D:7      | Reached * piety under Wu Jian
  8450 | D:7      | Reached skill level 5 in Dodging
  8450 | D:7      | Reached skill level 8 in Stealth
  8584 | D:7      | Found Dualilic's Armour Boutique.
  8599 | D:7      | Noticed Joseph
  8605 | D:7      | Killed Joseph
  8794 | D:7      | Found Arhistoi's Distillery.
  8803 | D:7      | Bought a potion of might for 52 gold pieces
  8803 | D:7      | Bought a potion of curing for 39 gold pieces
  8803 | D:7      | Bought a potion of lignification for 39 gold pieces
  8803 | D:7      | Bought a potion of berserk rage for 65 gold pieces
  9143 | D:8      | Reached skill level 5 in Short Blades
  9409 | D:8      | Reached skill level 5 in Fighting
  9844 | D:9      | Reached skill level 9 in Stealth
 10036 | D:9      | Found Boesorph's Magic Scroll Shop.
 10041 | D:9      | Bought a scroll of enchant weapon for 112 gold pieces
 10041 | D:9      | Bought a scroll of teleportation for 45 gold pieces
 10073 | D:9      | Reached ** piety under Wu Jian
 10091 | D:9      | Reached skill level 5 in Fire Magic
 10483 | D:9      | Reached XP level 11. HP: 59/70 MP: 9/17
 10562 | D:9      | Found a glowing golden altar of the Shining One.
 11109 | D:9      | Learned a level 3 spell: Confusing Touch
 11140 | D:9      | Reached skill level 5 in Evocations
 11254 | D:9      | Found a staircase to the Lair.
 11321 | D:9      | Found a transporter.
 11365 | D:9      | Found a transporter.
 11372 | D:9      | Found a transporter.
 11650 | D:9      | Found a transporter.
 11734 | D:9      | Reached skill level 1 in Hexes
 11864 | D:10     | Entered Level 10 of the Dungeon
 11926 | D:10     | Noticed Erolcha
 11965 | Abyss:1  | Cast into level 1 of the Abyss (Erolcha)
 12057 | Abyss:1  | Noticed a tentacled starspawn
 12058 | Abyss:1  | Noticed a demonic crawler
 12073 | Abyss:1  | Found a corrupted altar of Lugonu.
 12084 | Abyss:1  | Noticed a revenant
 12085 | Abyss:1  | Noticed a spectral spriggan defender
 12086 | Abyss:1  | Noticed a spectral nagaraja
 12094 | Abyss:1  | Noticed a spectral spriggan defender
 12098 | Abyss:1  | HP: 2/62 [spectral harpy[a revenant] (8)]
 12098 | Abyss:1  | Slain by a spectral harpy

Illustrated notes

Levels and vault maps discovered:
D:1:      dpeg_chamrin_arrival_tetris, layout_loops_ring
D:2:      layout_rooms
D:3:      kennysheep_the_goblin_king, layout_basic,
          mainiacjoe_overflow_chevrons, pdpol_wu_jian_five_deadly_venoms,
          mainiacjoe_overflow_surrounded_room, shapermc_ecumenical_altar_venn,
          kennysheep_minor_cross, dreamdust_princess_corridor,
          kennysheep_nondescript, minmay_quantized, uniq_crazy_yiuf_cottage,
          uniq_jessica
D:4:      minmay_goblin_kobold_castle, layout_loops_ring,
          nicolae_dithmenos_through_a_glass_darkly, uniq_ijyb, uniq_robin
D:5:      layout_loops_ring, general_overflow_altar,
          nicolae_ru_the_path_less_chosen, serial_glass, glass_columns_a,
          glass_columns_a, glass_columns_a, glass_columns_b, glass_columns_c,
          glass_columns_b
D:6:      layout_cave_pools, nicolae_vehumet_altar_sigil,
          minmay_temple_entry_statues_fountains, gammafunk_ghost_necromancy,
          uniq_sigmund, uniq_pikel, uniq_menkaure, uniq_maggie
D:7:      layout_loops_cross, elyvilon_altar_5, serial_shops, shop,
          nicolae_shop_just_a_little_nook, nicolae_shop_tiny_real_fake_doors,
          kennysheep_generic_room_11, uniq_joseph
D:8:      layout_cave_pools
D:9:      layout_cave_pods, tso_metal_star, grunt_lair_entry_orc_guard_hut,
          serial_shops, nicolae_shop_hallway_stairs,
          nicolae_transporter_intersection
D:10:     layout_loops_cross, lemuel_crystal_altar, serial_shops,
          nicolae_stop_n_shop_1, corner_web_ring, uniq_grum, uniq_erolcha
Temple:   hc_temple_tempest_star
Abyss:1:  base: D:7, base:
D:9

Skill      XL: |  1  2  3  4  5  6  7  8  9 10 11 |
---------------+----------------------------------+-----
Stealth        | 3 4 5 6 7 9 |  9.9
Air Magic      | 1 2 3 4 |  4.0
Conjurations   | 2 3 4 |  4.0
Alchemy        | 4 5 7 8 |  8.0
Short Blades   | 1 2 3 4 5 6 |  6.3
Fighting       | 1 3 4 5 |  5.0
Dodging        | 4 5 |  5.0
Spellcasting   | 3 4 |  4.0
Evocations     | 2 4 5 |  5.1
Fire Magic     | 1 5 6 |  6.0
Hexes          | 1 |  1.3

Action                     |  1- 3 |  4- 6 |  7- 9 | 10-12 || total
---------------------------+-------+-------+-------+-------++-------
  Melee: Unarmed           |    27 |       |       |       ||    27
         Tentacles         |     3 |     9 |    43 |    40 ||    95
         Constrict         |     4 |    12 |    38 |    32 ||    86
         Punch             |     1 |     1 |       |     1 ||     3
         Dagger            |       |    39 |   173 |   155 ||   367
   Cast: Sting             |    55 |    94 |    67 |    12 ||   228
         Mephitic Cloud    |       |       |    23 |    13 ||    36
         Mercury Vapours   |       |       |    17 |    23 ||    40
         Olgreb's Toxic Ra |       |       |       |    18 ||    18
         Sticky Flame      |       |       |       |    10 ||    10
         Confusing Touch   |       |       |       |     2 ||     2
Ability: Lunge             |       |       |    15 |    33 ||    48
         Whirlwind         |       |       |       |    12 ||    12
  Evoke: Wand              |       |       |     5 |     4 ||     9
    Use: Scroll            |       |       |     6 |     9 ||    15
         Potion            |       |       |       |     2 ||     2
   Stab: Sleeping          |     2 |     3 |     9 |     7 ||    21
         Confused          |       |       |    10 |     9 ||    19
         Distracted        |       |       |     1 |       ||     1
 Armour: Skin              |     9 |    31 |    61 |    65 ||   166
  Dodge: Dodged            |    24 |    43 |   106 |    75 ||   248
